 Dungeon Crawl Stone Soup version 0.18-a0-1166-g6e2d2a0 (webtiles) character file.

532 RedPan the Conjurer (level 7, -31/41 HPs)
             Began as an Octopode Wizard on Jan 26, 2016.
             Annihilated by an ogre
             ... wielding a +0 giant club
              (33 damage)
             ... on level 4 of the Dungeon.
             The game lasted 00:12:40 (3907 turns).

RedPan the Conjurer (Octopode Wizard)               Turns: 3907, Time: 00:12:40

Health: -31/41     AC:  1    Str:  6    XL:     7   Next: 24%
Magic:  5/14       EV: 12    Int: 23    God:
Gold:   182        SH:  0    Dex: 10    Spells: 2 memorised, 11 levels left

rFire  . . .     SeeInvis .     k - +1 dagger
rCold  . . .     Gourm    .     (no shield)
rNeg   . . .     Faith    .     a - +0 hat
rPois  .         Spirit   .     q - amulet of regeneration
rElec  .         Dismiss  .     (no ring)
rCorr  .         Reflect  .     (no ring)
SustAt .         Harm     .     (no ring)
MR     .....                    (no ring)
Stlth  +++.......               (no ring)
                                (no ring)
                                (no ring)
                                (no ring)

@: not resistant to hostile enchantments, fairly stealthy
A: almost no armour, amphibious, 8 rings, constrict 8, camouflage 1, gelatinous
body 1
a: no special abilities


You were on level 4 of the Dungeon.
You were not hungry.

You visited 1 branch of the dungeon, and saw 4 of its levels.

You collected 182 gold pieces.

Inventory:

Hand Weapons
 k - a +1 dagger (weapon)
Armour
 a - a +0 hat (worn)
Jewellery
 q - an amulet of regeneration (around mantle)
Wands
 p - a wand of frost (22/48)
Scrolls
 e - a scroll of enchant weapon
 g - 2 scrolls of teleportation
 i - a scroll of fog
 j - a scroll of identify
 l - a scroll of recharging {unknown}
 u - a scroll of remove curse
Potions
 f - a potion of invisibility
 m - a potion of might {unknown}
 o - a potion of curing {unknown}
 r - a potion of magic {unknown}
 s - a potion of heal wounds {unknown}
 t - a potion of cancellation {unknown}
 v - a potion of lignification {unknown}
 w - a potion of poison {unknown}
Books
 b - a book of Minor Magic

   Spells                             Type                      Level
   a - Magic Dart                     Conjuration                  1
   b - Blink                          Translocation                2
   c - Call Imp                       Summoning                    2
   d - Repel Missiles                 Charms/Air                   2
   e - Slow                           Hexes                        2
   f - Conjure Flame                  Conjuration/Fire             3
   g - Mephitic Cloud                 Conjuration/Poison/Air       3
Comestibles
 c - 5 bread rations
 d - a slice of pizza
 h - 4 meat rations
 n - a beef jerky


   Skills:
 - Level 2.0 Dodging
 - Level 2.6 Stealth
 + Level 4.8 Spellcasting
 * Level 6.1 Conjurations
   Level 1.0 Summonings
   Level 1.0 Translocations


You had 11 spell levels left.
You knew the following spells:

 Your Spells              Type           Power        Failure   Level  Hunger
a - Magic Dart            Conj           ####         1%          1    None
b - Mephitic Cloud        Conj/Pois/Air  ###.....     14%         3    ##.....


Dungeon Overview and Level Annotations

Branches:
Dungeon (4/15)
 Temple: D:4-7

Altars:
Ashenzari
Dithmenos
Kikubaaqudgha
Qazlal


Innate Abilities, Weirdness & Mutations

You cannot wear most types of armour.
You are amphibious.
You can wear up to eight rings at the same time.
You can use your tentacles to constrict eight enemies at once.
Your skin changes colour to match your surroundings (Stealth).
Your rubbery body absorbs attacks (AC +1).


Message History

The ogre is lightly wounded.
The ogre hits you with a giant club!!
Ouch! That really hurt!
Casting: Mephitic Cloud
Confirm with . or Enter, or press ? or * to list all spells.
Aiming: Mephitic Cloud
Press: ? - help, Shift-Dir - straight line The ball explodes into a vile cloud!
The stinking cloud engulfs the ogre.
The ogre is lightly wounded.
The ogre hits you with a giant club!!
* * * LOW HITPOINT WARNING * * *
Casting: Mephitic Cloud
Confirm with . or Enter, or press ? or * to list all spells.
Aiming: Mephitic Cloud
Press: ? - help, Shift-Dir - straight line The ball explodes into a vile cloud!
The stinking cloud engulfs the ogre.
The ogre is lightly wounded.
The ogre is engulfed in noxious fumes.
The ogre hits you with a giant club!!
Ouch! That really hurt!
You die...

#.#.....# #.....#.
#.#.###.# #.....#.
#.....#.#######.##.##>
#.....#.#.............
#.....#.#.#####.##.##.
#...§##.#>............
#..§§##............)##
#..§§O..............'.
#.###..@..............##
#.....................#
########.##...#########
..).....†....# ########
#######.##.### #.......
#.##.# ##.###### ..##.#
#........ ..##.#
#........ ..##.#
#........


You could see an ogre.

Vanquished Creatures
  The ghost of twist the Insei, an amateur OpTm (D:3)
  A scorpion (D:4)
  A crimson imp (D:3)
  A gnoll shaman (D:4)
  2 orc priests (D:3)
  An orc wizard (D:3)
  Jessica (D:3)
  Natasha (twice) (D:3)
  A worker ant (D:4)
  5 gnolls
  3 oozes
  2 worms (D:2)
  2 giant geckos (D:3)
  5 orcs
  2 ball pythons
  10 bats
  5 giant cockroaches
  4 hobgoblins
  6 jackals
  9 kobolds
  3 quokkas
  A giant newt (D:1)
  5 goblins
  6 rats
79 creatures vanquished.

Vanquished Creatures (others)
  An orc wizard (D:3)
1 creature vanquished.

Grand Total: 80 creatures vanquished

Notes
Turn   | Place    | Note
--------------------------------------------------------------
     0 | D:1      | RedPan the Octopode Wizard began the quest for the Orb.
     0 | D:1      | Reached XP level 1. HP: 11/11 MP: 4/4
   315 | D:1      | Reached XP level 2. HP: 17/17 MP: 0/6
   887 | D:1      | Reached XP level 3. HP: 21/21 MP: 5/7
  1968 | D:3      | Learned a level 3 spell: Mephitic Cloud
  2013 | D:3      | Reached XP level 4. HP: 21/27 MP: 0/9
  2175 | D:3      | Reached XP level 5. HP: 5/31 MP: 5/10
  2271 | D:3      | Reached skill level 4 in Conjurations
  2378 | D:3      | Noticed Jessica
  2381 | D:3      | Killed Jessica
  2421 | D:3      | Noticed twist's ghost (amateur OpTm)
  2431 | D:3      | Killed twist's ghost
  2431 | D:3      | Reached skill level 5 in Conjurations
  2431 | D:3      | Reached XP level 6. HP: 36/36 MP: 4/12
  2533 | D:3      | Noticed Natasha
  2537 | D:3      | Killed Natasha
  2606 | D:3      | Noticed Natasha
  2635 | D:3      | Killed Natasha
  2757 | D:3      | Found a stormy altar of Qazlal.
  2785 | D:3      | Found a shattered altar of Ashenzari.
  3182 | D:4      | Found a shadowy altar of Dithmenos.
  3182 | D:4      | Found an ancient bone altar of Kikubaaqudgha.
  3598 | D:4      | Reached XP level 7. HP: 41/41 MP: 4/14
  3716 | D:4      | Reached skill level 6 in Conjurations
  3906 | D:4      | HP: 1/41 [ogre/giant club (18)]
  3907 | D:4      | Annihilated by an ogre

Vault maps used:
D:1:      dpeg_arrival_water_fire
D:3:      lemuel_doored_altar, lemuel_round_altar, grunt_ministairs_15,
          uniq_natasha, uniq_jessica
D:4:      grunt_temple_overflow_open, tso_altar

Action                   |  1- 3 |  4- 6 |  7- 9 || total
-------------------------+-------+-------+-------++-------
Melee: Unarmed           |    11 |       |       ||    11
       Dagger            |    28 |    78 |     6 ||   112
 Cast: Magic Dart        |    88 |    83 |    17 ||   188
       Mephitic Cloud    |       |     2 |     4 ||     6
  Use: Scroll            |     2 |     6 |       ||     8
 Stab: Sleeping          |     2 |     5 |     1 ||     8
  Eat: Chunk             |     3 |     5 |     1 ||     9
